[Event "ICC tourney 2514 (60 10)"]
[Site "Internet Chess Club"]
[Date "2021.04.17"]
[Round "1"]
[White "Nori, YOGA KAUSTHUBHA KRISHNA:Harithaananth"]
[Black "Tsuboyama, Kai:kgtkgt2010"]
[Result "0-1"]
[ICCResult "White checkmated"]
[WhiteElo "1018"]
[BlackElo "1298"]
[Opening "Scandinavian: Marshall variation"]
[ECO "B01"]
[NIC "SD.03"]
[Time "10:01:55"]
[PlyCount "96"]
[TimeControl "3600+10"]

1. e4 d5 2. exd5 Nf6 3. d4 Nxd5 4. Nf3 Nc6 5. c4 Nf6 6. Be3 Bg4 7. Be2 e6
8. a3 Qd7 9. Nc3 O-O-O 10. h3 Bxf3 11. Bxf3 Nxd4 12. Bxd4 Qxd4 13. Qxd4
Rxd4 14. Be2 Ne4 15. Nxe4 Rxe4 16. f3 Rd4 17. O-O Rd2 18. Rfe1 Bc5+ 19. Kh1
Bf2 20. Rad1 Bxe1 21. Rxd2 Bxd2 22. b3 Rd8 23. Kh2 Bc1 24. a4 Rd2 25. Bf1
Rb2 26. Kg3 Rxb3 27. h4 Rb4 28. a5 Ra4 29. f4 Rxa5 30. Kg4 h5+ 31. Kg3 Ra3+
32. Kh2 Bxf4+ 33. g3 Rxg3 34. Kh1 Rg4 35. c5 Rxh4+ 36. Kg1 Be3+ 37. Kg2
Bxc5 38. Be2 a5 39. Bb5 a4 40. Bxa4 Rxa4 41. Kh3 b5 42. Kg3 b4 43. Kf3 b3
44. Ke2 b2 45. Kd2 b1=Q 46. Ke2 Qb3 47. Kd2 Ra2+ 48. Kc1 Qc2# { White
checkmated } 0-1

[Event "ICC tourney 2514 (60 10)"]
[Site "Internet Chess Club"]
[Date "2021.04.17"]
[Round "1"]
[White "NANGIA, OM:MateON123"]
[Black "EISENBERG, LINUS NGUYEN:PrimusInvin"]
[Result "1/2-1/2"]
[ICCResult "Game drawn by repetition"]
[WhiteElo "1122"]
[BlackElo "1361"]
[Opening "Sicilian: Labourdonnais-Löwenthal variation"]
[ECO "B32"]
[NIC "SI.32"]
[Time "10:01:59"]
[PlyCount "65"]
[TimeControl "3600+10"]

1. e4 c5 2. Nf3 Nc6 3. d4 cxd4 4. Nxd4 e5 5. Nxc6 dxc6 6. Qxd8+ Kxd8 7. Bc4
Be6 8. Bxe6 fxe6 9. O-O Nf6 10. Nc3 Bb4 11. Bg5 Kc7 12. f3 h6 13. Be3 Ba5
14. a3 Bb6 15. Bxb6+ axb6 16. Rad1 Rad8 17. Rxd8 Rxd8 18. Rd1 Rxd1+ 19.
Nxd1 Kd6 20. Kf2 g5 21. h3 h5 22. Ne3 b5 23. b4 h4 24. Nd1 b6 25. c3 c5 26.
Ne3 Nh5 27. Nf1 Nf4 28. Ne3 Nd3+ 29. Ke2 Nf4+ 30. Kf2 Nd3+ 31. Ke2 Nf4+ 32.
Kf2 Nd3+ 33. Ke2 { Game drawn by repetition } 1/2-1/2

[Event "ICC tourney 2514 (60 10)"]
[Site "Internet Chess Club"]
[Date "2021.04.17"]
[Round "1"]
[White "NETI, ADARSH:PearPower"]
[Black "Lee-Suk, Niccolo:NiccoloChess"]
[Result "1-0"]
[ICCResult "Black checkmated"]
[WhiteElo "1290"]
[BlackElo "977"]
[Opening "Sicilian: Alapin's variation (2.c3)"]
[ECO "B22"]
[NIC "SI.46"]
[Time "10:03:42"]
[PlyCount "103"]
[TimeControl "3600+10"]

1. e4 c5 2. c3 d6 3. d4 cxd4 4. cxd4 Nc6 5. Nf3 Nf6 6. Nc3 e5 7. d5 Nd4 8.
Nxd4 exd4 9. Qxd4 Be7 10. Bb5+ Bd7 11. Bxd7+ Nxd7 12. Qxg7 Bf6 13. Qg3 Nc5
14. Bf4 a6 15. Bxd6 Bxc3+ 16. Qxc3 Qxd6 17. Qxh8+ Qf8 18. Qxf8+ Kxf8 19. f3
h5 20. O-O Nd3 21. b3 Nf4 22. Rac1 Ke7 23. Rc7+ Kd6 24. Rxf7 Ne2+ 25. Kf2
Nd4 26. Rxb7 h4 27. h3 Rc8 28. Rb6+ Kd7 29. Rxa6 Rc2+ 30. Ke3 Nb5 31. Rf2
Rc3+ 32. Kf4 Kc7 33. Rh6 Kb7 34. Rxh4 Rc7 35. g4 Rf7+ 36. Ke3 Nc3 37. Rc2
Nd1+ 38. Ke2 Nb2 39. Rxb2 Kc7 40. g5 Rg7 41. Rg4 Kd6 42. h4 Ke5 43. Ke3 Kd6
44. Rc2 Ke5 45. b4 Kd6 46. a4 Ra7 47. g6 Rxa4 48. g7 Ra3+ 49. Kf4 Ke7 50.
g8=Q Rb3 51. Rc6 Rxb4 52. Rg7# { Black checkmated } 1-0

[Event "ICC tourney 2514 (60 10)"]
[Site "Internet Chess Club"]
[Date "2021.04.17"]
[Round "1"]
[White "HERNANDEZ, DAMION:SAEpicDH"]
[Black "Smith, Graham Bradley:Smittyboy13"]
[Result "0-1"]
[ICCResult "White checkmated"]
[WhiteElo "1270"]
[BlackElo "786"]
[Opening "Queen's gambit declined"]
[ECO "D30"]
[NIC "QP.08"]
[Time "10:01:37"]
[PlyCount "34"]
[TimeControl "3600+10"]

1. d4 d5 2. c4 e6 3. Nf3 Nf6 4. e3 Bd6 5. Bd3 dxc4 6. Bxc4 O-O 7. O-O c6 8.
Nc3 Nbd7 9. Re1 e5 10. dxe5 Nxe5 11. Nxe5 Bxe5 12. Qb3 b5 13. Be2 Ng4 14.
f4 Qh4 15. h3 Qf2+ 16. Kh1 Qxe1+ 17. Bf1 Qxf1# { White checkmated } 0-1

[Event "ICC tourney 2514 (60 10)"]
[Site "Internet Chess Club"]
[Date "2021.04.17"]
[Round "1"]
[White "AYYAPPAN, ANUSHKA:Anushkaa"]
[Black "BETANCES, NOAH-ALEXANDER:HYNoahAlexaderB"]
[Result "1-0"]
[ICCResult "Black checkmated"]
[WhiteElo "1303"]
[BlackElo "1023"]
[Opening "Scandinavian defense"]
[ECO "B01"]
[NIC "SD.03"]
[Time "10:01:39"]
[PlyCount "117"]
[TimeControl "3600+10"]

1. e4 d5 2. exd5 Nf6 3. Nc3 Nxd5 4. Nxd5 Qxd5 5. Nf3 Bg4 6. Be2 e5 7. O-O
Bc5 8. h3 Bh5 9. Nxe5 Bxe2 10. Qxe2 O-O 11. Nf3 Nc6 12. c3 Rfe8 13. Qd1 h6
14. d4 Bf8 15. Bf4 Qd7 16. Qd2 Ne7 17. Ne5 Qd8 18. Rfe1 Nd5 19. Bg3 Qg5 20.
Qxg5 hxg5 21. Nf3 f6 22. Rxe8 Rxe8 23. Re1 Rxe1+ 24. Nxe1 Bd6 25. Bxd6 cxd6
26. Nd3 Kf7 27. Kf1 f5 28. Ke2 Ke7 29. g3 f4 30. Kf3 fxg3 31. fxg3 Nf6 32.
Nf2 d5 33. h4 gxh4 34. gxh4 b5 35. Kf4 Ne8 36. Ng4 Nf6 37. Nxf6 Kxf6 38. h5
a6 39. b4 Ke6 40. Kg5 Ke7 41. Kg6 Kf8 42. Kf5 Ke7 43. Ke5 Kd8 44. Kxd5 Kd7
45. Ke5 Ke7 46. d5 Kd7 47. d6 Kd8 48. Ke6 Ke8 49. d7+ Kd8 50. a3 Kc7 51.
Ke7 a5 52. d8=Q+ Kb7 53. Qxa5 g6 54. hxg6 Kc6 55. g7 Kb7 56. g8=Q Kc6 57.
Qe6+ Kb7 58. Qab6+ Ka8 59. Qc8# { Black checkmated } 1-0

[Event "ICC tourney 2514 (60 10)"]
[Site "Internet Chess Club"]
[Date "2021.04.17"]
[Round "1"]
[White "LAY, ARTIS:al68067"]
[Black "WOLOZ, GABRIEL:Gabesw"]
[Result "1-0"]
[ICCResult "Black checkmated"]
[WhiteElo "1273"]
[BlackElo "840"]
[Opening "Queen's pawn, Mason variation"]
[ECO "D00"]
[NIC "QP.08"]
[Time "10:02:02"]
[PlyCount "113"]
[TimeControl "3600+10"]

1. d4 d5 2. Bf4 Nc6 3. Nf3 Bf5 4. e3 Nf6 5. c4 e6 6. Nc3 Bb4 7. Rc1 h6 8.
Be2 g5 9. Bg3 a6 10. Ne5 Be4 11. O-O Bd6 12. cxd5 exd5 13. Nxc6 bxc6 14.
Nxe4 Nxe4 15. Rxc6 Rb8 16. Bxd6 Nxd6 17. Qa4 O-O 18. Qc2 a5 19. Rc1 Nb5 20.
Rxh6 f5 21. Bxb5 Rxb5 22. Qxc7 Qxc7 23. Rxc7 Rxb2 24. g3 Rf7 25. Rg6+ Kf8
26. Rxf7+ Kxf7 27. Rxg5 Rxa2 28. Rxf5+ Ke6 29. Rh5 a4 30. Rh8 Ra1+ 31. Kg2
Kd7 32. Ra8 Kc7 33. h4 a3 34. h5 a2 35. h6 Kb7 36. Ra3 Rc1 37. Rxa2 Rc7 38.
g4 Rh7 39. g5 Kc6 40. f4 Kd6 41. Kf3 Ke6 42. Ra6+ Kf7 43. Ra7+ Kg6 44. Rxh7
Kxh7 45. f5 Kg8 46. Kg4 Kh8 47. Kf4 Kg8 48. Ke5 Kf7 49. Kxd5 Kg8 50. Kc6
Kf7 51. d5 Kg8 52. d6 Kf7 53. d7 Ke7 54. h7 Kf8 55. d8=Q+ Kf7 56. Qf6+ Ke8
57. h8=Q# { Black checkmated } 1-0

[Event "ICC tourney 2514 (60 10)"]
[Site "Internet Chess Club"]
[Date "2021.04.17"]
[Round "1"]
[White "SOOD, MANASVIN:kushood"]
[Black "Shah, Zara:mindfulmint"]
[Result "0-1"]
[ICCResult "White resigns"]
[WhiteElo "1402"]
[BlackElo "1230"]
[Opening "QGD: Marshall defense"]
[ECO "D06"]
[NIC "QP.08"]
[Time "10:02:22"]
[PlyCount "58"]
[TimeControl "3600+10"]

1. d4 d5 2. c4 Nf6 3. Nc3 Bf5 4. Nf3 e6 5. e3 Bb4 6. Qa4+ Nc6 7. Ne5 Bxc3+
8. bxc3 O-O 9. Nxc6 bxc6 10. Qxc6 Qd6 11. Qxd6 cxd6 12. cxd5 Nxd5 13. Bd2
Rfc8 14. c4 Nb6 15. Rc1 Rab8 16. Be2 Be4 17. f3 Bb7 18. O-O Ba6 19. f4 Bxc4
20. Bxc4 Nxc4 21. Rcd1 Rb2 22. Rf2 Rxa2 23. Be1 Rxf2 24. Bxf2 a5 25. Rc1 d5
26. g3 a4 27. Ra1 a3 28. Kg2 Ra8 29. h4 a2 { White resigns } 0-1

[Event "ICC tourney 2514 (60 10)"]
[Site "Internet Chess Club"]
[Date "2021.04.17"]
[Round "1"]
[White "KUMAR, SUHANA:SuhanaK"]
[Black "AMBATI, JASWANT REDDY:AJRChess2011"]
[Result "0-1"]
[ICCResult "White checkmated"]
[WhiteElo "1255"]
[BlackElo "1470"]
[Opening "Sicilian: accelerated fianchetto, modern variation with Bc4"]
[ECO "B35"]
[NIC "SI.34"]
[Time "10:01:47"]
[PlyCount "94"]
[TimeControl "3600+10"]

1. e4 c5 2. d4 cxd4 3. Nf3 Nc6 4. Nxd4 Nf6 5. Nc3 g6 6. Be3 Bg7 7. Bc4 O-O
8. O-O Nxe4 9. Nxe4 d5 10. Nxc6 bxc6 11. Bb3 dxe4 12. c3 Bb7 13. Re1 Kh8
14. Bc5 f5 15. Qxd8 Rfxd8 16. Bxe7 Rd7 17. Bc5 Ba6 18. Ba4 Rd2 19. b4 Bb5
20. Bxb5 cxb5 21. Rec1 Rad8 22. Bxa7 Bxc3 23. Be3 R2d3 24. Rab1 Bxb4 25. g3
Bd2 26. Rd1 Bxe3 27. Rxd3 Bxf2+ 28. Kxf2 Rxd3 29. Ke2 Ra3 30. Rb2 Kg7 31.
Kd2 Kf6 32. Kc2 Kg5 33. Kb1 Kg4 34. Rxb5 e3 35. Rb4+ Kf3 36. Rf4+ Kg2 37.
Kc2 Rxa2+ 38. Kd1 Rf2 39. Rh4 Kf1 40. Rxh7 e2+ 41. Kc2 e1=Q+ 42. Kb3 Qb1+
43. Kc4 Rc2+ 44. Kd5 Qb5+ 45. Ke6 Rc6+ 46. Kf7 Qb7+ 47. Kg8 Rc8# { White
checkmated } 0-1

[Event "ICC tourney 2514 (60 10)"]
[Site "Internet Chess Club"]
[Date "2021.04.17"]
[Round "1"]
[White "Jaichand, Rishab:rjaichand"]
[Black "PODDUTURI, AASHRITH:chessprogidy"]
[Result "0-1"]
[ICCResult "White checkmated"]
[WhiteElo "1188"]
[BlackElo "1378"]
[Opening "Sicilian: Alapin's variation (2.c3)"]
[ECO "B22"]
[NIC "SI.46"]
[Time "10:01:29"]
[PlyCount "54"]
[TimeControl "3600+10"]

1. e4 c5 2. c3 d6 3. d4 cxd4 4. cxd4 Nf6 5. Nc3 g6 6. Nf3 Bg7 7. Bc4 O-O 8.
Be3 Nc6 9. Qd2 Bd7 10. e5 dxe5 11. dxe5 Ng4 12. Bf4 Ncxe5 13. Bxe5 Nxe5 14.
Nxe5 Bxe5 15. O-O-O Bf5 16. Qe3 Qb8 17. g3 a6 18. Nd5 Bd6 19. h3 Rc8 20.
Rd4 b5 21. b3 bxc4 22. Qh6 cxb3+ 23. Kd2 Rc2+ 24. Kd1 b2 25. Nc3 b1=Q+ 26.
Nxb1 Qxb1+ 27. Qc1 Qxc1# { White checkmated } 0-1

[Event "ICC tourney 2514 (60 10)"]
[Site "Internet Chess Club"]
[Date "2021.04.17"]
[Round "1"]
[White "PIMANOFF, THEODORE V:Harshcrocodile"]
[Black "BELOBROVKA, ARIELLE:ariellezbel"]
[Result "1-0"]
[ICCResult "Black checkmated"]
[WhiteElo "1110"]
[BlackElo "1338"]
[Opening "French: exchange variation"]
[ECO "C01"]
[NIC "FR.01"]
[Time "10:01:33"]
[PlyCount "79"]
[TimeControl "3600+10"]

1. e4 e6 2. d4 d5 3. exd5 exd5 4. Nf3 Bd6 5. c4 Ne7 6. Nc3 Bb4 7. a3 Bxc3+
8. bxc3 O-O 9. Bg5 f6 10. Bf4 Re8 11. Be2 Bf5 12. O-O Nd7 13. Qb3 c6 14.
Rfe1 Nb6 15. c5 Nd7 16. Qxb7 Ng6 17. Bg3 Re6 18. Bd6 Nb8 19. Qxa8 Re8 20.
Rab1 Bxb1 21. Rxb1 Nd7 22. Qxd8 Rxd8 23. Rb7 Re8 24. Rxd7 Rxe2 25. h3 Rc2
26. Rxa7 Rxc3 27. a4 Nf8 28. Ra8 Kf7 29. Rxf8+ Kg6 30. a5 Ra3 31. Ra8 Kh6
32. a6 f5 33. a7 g5 34. Bc7 g4 35. hxg4 fxg4 36. Ne5 Kh5 37. Bb6 Kh4 38.
Rh8 g3 39. Bd8+ Kh5 40. Rxh7# { Black checkmated } 1-0

[Event "ICC tourney 2514 (60 10)"]
[Site "Internet Chess Club"]
[Date "2021.04.17"]
[Round "1"]
[White "Ho, Joshua:AutomaticCougar"]
[Black "BENCOSME LEE, SUBI BELIN:SAHYMS-Subi"]
[Result "1-0"]
[ICCResult "Black checkmated"]
[WhiteElo "1334"]
[BlackElo "1103"]
[Opening "Queen's pawn, Mason variation"]
[ECO "D00"]
[NIC "QP.08"]
[Time "10:16:12"]
[PlyCount "97"]
[TimeControl "3600+10"]

1. d4 d5 2. Bf4 Bf5 3. Nf3 Nc6 4. e3 a6 5. Be2 Nf6 6. Nbd2 e6 7. h3 Bb4 8.
O-O O-O 9. Nh4 Ne4 10. Nxe4 Bxe4 11. Nf3 Bd6 12. Ne5 Nxe5 13. dxe5 Be7 14.
Rc1 Bg5 15. Bf3 Bf5 16. Qe2 f6 17. Bxg5 fxg5 18. Rfd1 c6 19. e4 Bg6 20. c4
Qe7 21. exd5 exd5 22. cxd5 cxd5 23. Bxd5+ Kh8 24. e6 Bf5 25. Bb3 Rad8 26.
Rxd8 Rxd8 27. Qe5 Qf6 28. Qc7 Bxe6 29. Bxe6 Rf8 30. Qc8 Qxf2+ 31. Kh1 h6
32. Qc5 Qf6 33. Qxf8+ Qxf8 34. Rc8 Qxc8 35. Bxc8 h5 36. Bxb7 g4 37. hxg4
hxg4 38. Bxa6 g6 39. Be2 g3 40. a4 Kg7 41. a5 Kf7 42. a6 g5 43. a7 Kf6 44.
a8=Q Ke5 45. Qf3 g4 46. Qxg4 Kf6 47. Qe4 Kg5 48. Qf3 Kh4 49. Qh5# { Black
checkmated } 1-0

[Event "ICC tourney 2514 (60 10)"]
[Site "Internet Chess Club"]
[Date "2021.04.17"]
[Round "1"]
[White "MARISWARAN, SHASHVAT:sassymareese"]
[Black "PATEL, SOHAM:SPBrain"]
[Result "1-0"]
[ICCResult "Black checkmated"]
[WhiteElo "1429"]
[BlackElo "1248"]
[Opening "Sicilian: Pelikan (Lasker/Sveshnikov) variation"]
[ECO "B33"]
[NIC "SI.35"]
[Time "10:01:30"]
[PlyCount "73"]
[TimeControl "3600+10"]

1. e4 c5 2. Nf3 Nc6 3. d4 cxd4 4. Nxd4 Nf6 5. Nc3 e5 6. Nf3 Bb4 7. Bc4 Nxe4
8. Qd5 Nd6 9. Bb3 O-O 10. O-O Bxc3 11. bxc3 Qf6 12. Ba3 Nf5 13. Bxf8 Kxf8
14. Rfe1 d6 15. Qe4 Nce7 16. Rad1 Rb8 17. g4 Qg6 18. Nxe5 Qf6 19. Nxf7 Nh4
20. Rxd6 Nf3+ 21. Kh1 Bf5 22. Qxf3 Be4 23. Rxf6 Bxf3+ 24. Rxf3 g6 25. Nd6+
Kg7 26. Rxe7+ Kh6 27. h4 Rh8 28. Nf7+ Kg7 29. Nxh8+ Kh6 30. g5+ Kh5 31.
Rxh7+ Kg4 32. Rg3+ Kf4 33. Nxg6+ Ke4 34. Re3+ Kf5 35. Ne7+ Kg4 36. Be6+ Kf4
37. Rf7# { Black checkmated } 1-0

[Event "ICC tourney 2514 (60 10)"]
[Site "Internet Chess Club"]
[Date "2021.04.17"]
[Round "1"]
[White "JOSHI, AYAN PRASAD:ayanloveschess"]
[Black "STRIFF-CAVE, ETHAN CONOR:escape18"]
[Result "0-1"]
[ICCResult "White checkmated"]
[WhiteElo "1101"]
[BlackElo "1331"]
[Opening "Philidor: Hanham variation"]
[ECO "C41"]
[NIC "KP.08"]
[Time "10:02:22"]
[PlyCount "138"]
[TimeControl "3600+10"]

1. e4 e5 2. Nf3 d6 3. d4 Nd7 4. dxe5 dxe5 5. Bc4 Be7 6. Qd5 Bb4+ 7. c3
Bxc3+ 8. Nxc3 Qe7 9. Ng5 Nh6 10. Nf3 Ng4 11. O-O Nb6 12. Qd3 O-O 13. h3 Rd8
14. Qe2 Nf6 15. Bg5 h6 16. Bxf6 Qxf6 17. Nd5 Nxd5 18. Bxd5 c6 19. Bc4 b5
20. Bb3 Bb7 21. Rfe1 a5 22. a4 b4 23. Rad1 Rf8 24. Qc4 Bc8 25. Qc5 Bxh3 26.
Qxe5 Qg6 27. Nh4 Qg4 28. Qg3 Qxg3 29. fxg3 Bg4 30. Nf3 Rfe8 31. Rc1 Rac8
32. Rc5 Red8 33. Rxa5 Bxf3 34. gxf3 Rd3 35. Bd1 Rcd8 36. Be2 Rd2 37. b3 Rb2
38. Bc4 Rdd2 39. Ra8+ Kh7 40. Re2 Rxe2 41. Bxe2 Rxe2 42. a5 Rb2 43. a6 Rxb3
44. a7 Ra3 45. Rb8 Rxa7 46. Rxb4 c5 47. Rc4 Ra5 48. Kf2 Kg6 49. f4 Kh5 50.
Kf3 Ra3+ 51. Kg2 Kg4 52. Rxc5 Ra2+ 53. Kf1 Kxg3 54. f5 Kf3 55. Rc1 Kxe4 56.
Re1+ Kxf5 57. Re2 Rxe2 58. Kxe2 Kf4 59. Kf2 f6 60. Kg2 Ke3 61. Kg3 f5 62.
Kg2 f4 63. Kf1 f3 64. Ke1 f2+ 65. Kf1 g6 66. Kg2 Ke2 67. Kg3 f1=Q 68. Kg4
Qf3+ 69. Kh4 g5# { White checkmated } 0-1

[Event "ICC tourney 2514 (60 10)"]
[Site "Internet Chess Club"]
[Date "2021.04.17"]
[Round "1"]
[White "GALVEZ, TIARA:Firephionex23"]
[Black "NOZAKI, MAYA:ChocolateSwirl"]
[Result "1-0"]
[ICCResult "Black checkmated"]
[WhiteElo "1367"]
[BlackElo "1136"]
[Opening "QGD Slav defense: exchange variation"]
[ECO "D13"]
[NIC "SL.01"]
[Time "10:08:45"]
[PlyCount "147"]
[TimeControl "3600+10"]

1. d4 d5 2. c4 c6 3. cxd5 cxd5 4. Nc3 Nf6 5. Nf3 Nc6 6. Bg5 Bg4 7. e3 e6 8.
Be2 Bb4 9. Rc1 O-O 10. O-O Be7 11. h3 Bxf3 12. Bxf3 h6 13. Bh4 Rc8 14. Bg3
Bd6 15. Bh4 Be7 16. a3 a6 17. Re1 Re8 18. Bg3 Bd6 19. Bh4 Be7 20. Na4 Ne4
21. Bxe7 Qxe7 22. Bxe4 dxe4 23. Nc5 f5 24. Qb3 Rb8 25. Qd1 Red8 26. Qb3 Re8
27. Red1 Na5 28. Qa2 Rbc8 29. b4 Nc6 30. d5 exd5 31. Qxd5+ Kh8 32. Qxf5 Rb8
33. Rd7 Qf8 34. Qxf8+ Rxf8 35. Rxb7 Rxb7 36. Nxb7 Nb8 37. Nd6 Rd8 38. Nxe4
Re8 39. Nd6 Rd8 40. Rc8 Rxc8 41. Nxc8 Kg8 42. Kf1 Kf7 43. Ke2 Ke6 44. Kd3
Kd7 45. Nb6+ Kc7 46. Nd5+ Kd6 47. Kc4 Kc6 48. a4 Nd7 49. b5+ axb5+ 50.
axb5+ Kb7 51. e4 Ne5+ 52. Kc5 Nd7+ 53. Kd6 Kc8 54. Kc6 Ne5+ 55. Kd6 Nf7+
56. Ke7 Ne5 57. b6 Nd3 58. f4 Nc5 59. e5 Nb7 60. e6 Nd8 61. g4 g5 62. f5
Nc6+ 63. Kf8 Nd8 64. e7 Ne6+ 65. fxe6 h5 66. e8=Q+ Kb7 67. Qd7+ Ka6 68.
Qa7+ Kb5 69. b7 Kc6 70. b8=Q Kxd5 71. Qd7+ Kc5 72. Qbc8+ Kb6 73. Qdb7+ Ka5
74. Qca8# { Black checkmated } 1-0

[Event "ICC tourney 2514 (60 10)"]
[Site "Internet Chess Club"]
[Date "2021.04.17"]
[Round "1"]
[White "MOGUEL, IXOYE:IxoyeMoguelLara"]
[Black "KUMAR, SANNAH:Sannahk"]
[Result "1-0"]
[ICCResult "Black checkmated"]
[WhiteElo "1382"]
[BlackElo "1198"]
[Opening "Sicilian: Nimzovich-Rossolimo attack (with ...g6, without ...d6)"]
[ECO "B31"]
[NIC "SI.31"]
[Time "10:01:54"]
[PlyCount "137"]
[TimeControl "3600+10"]

1. e4 c5 2. Nf3 Nc6 3. Bb5 g6 4. O-O Bg7 5. Nc3 Nd4 6. Bc4 b6 7. Nxd4 cxd4
8. Qf3 e6 9. Nb5 Be5 10. Qa3 Qe7 11. b4 a6 12. Bb2 Qf6 13. f4 Bxf4 14. Nd6+
Ke7 15. g3 Kxd6 16. Rxf4 Qe5 17. Raf1 b5 18. Be2 Nh6 19. Qd3 Ke7 20. Bxd4
Qc7 21. Bxh8 e5 22. Rf6 d6 23. Qd5 Qa7+ 24. d4 Be6 25. Rxe6+ fxe6 26. Bf6+
Kd7 27. c3 exd5 28. Bg7 exd4 29. Bxd4 Qb8 30. Be3 dxe4 31. Bxh6 Qb6+ 32.
Kg2 Kc7 33. Rf7+ Kc6 34. Re7 Rg8 35. Rxe4 Qb8 36. Bf3 Kc7 37. Re7+ Kd8 38.
Bg5 Re8 39. Rxh7+ Re7 40. Rh8+ Kd7 41. Rxb8 Re5 42. Rb7+ Kc8 43. Bf4 Rf5
44. Rh7 d5 45. Bg4 Kd8 46. Bxf5 gxf5 47. Rh5 Ke7 48. Rxf5 Ke6 49. Rh5 Kf6
50. Kf3 Kg6 51. h4 Kxh5 52. a3 Kg6 53. Ke3 Kf5 54. Kd4 Ke6 55. g4 Kf6 56.
Kxd5 Kg6 57. h5+ Kh7 58. c4 bxc4 59. Kxc4 a5 60. b5 a4 61. b6 Kh8 62. b7
Kg8 63. b8=Q+ Kh7 64. Qc7+ Kg8 65. Qe5 Kh7 66. Qe7+ Kh8 67. Qf6+ Kg8 68.
Be5 Kh7 69. Qg7# { Black checkmated } 1-0

[Event "ICC tourney 2514 (60 10)"]
[Site "Internet Chess Club"]
[Date "2021.04.17"]
[Round "1"]
[White "DOGRA, DIVIJ SINGH:divijdogra"]
[Black "SHARMA, ABDD:catseyenebula"]
[Result "0-1"]
[ICCResult "White resigns"]
[WhiteElo "1237"]
[BlackElo "1422"]
[Opening "King's Indian: East Indian defense"]
[ECO "A48"]
[NIC "QP.06"]
[Time "10:01:29"]
[PlyCount "88"]
[TimeControl "3600+10"]

1. d4 Nf6 2. Nf3 g6 3. e3 Bg7 4. c4 O-O 5. Nc3 d6 6. Bd3 c5 7. O-O Bg4 8.
h3 Bxf3 9. Qxf3 Nc6 10. dxc5 dxc5 11. Rd1 Ne5 12. Qe2 Qc7 13. Nb5 Qb6 14.
Rb1 Rad8 15. b3 Nxd3 16. Rxd3 Rxd3 17. Qxd3 Rd8 18. Qc2 Qa5 19. Nc3 Qxc3
20. Qxc3 Rd1+ 21. Kh2 Ng4+ 22. hxg4 Bxc3 23. Kg3 Bd2 24. Kf3 Rxc1 25. Rxc1
Bxc1 26. Ke4 e6 27. Ke5 Ba3 28. Kd6 b5 29. Kc6 bxc4 30. bxc4 Bb4 31. Kb5 a5
32. Ka4 Be1 33. f3 Bd2 34. e4 Kf8 35. a3 Bc1 36. f4 f5 37. exf5 exf5 38.
gxf5 gxf5 39. Kxa5 Bxa3 40. Kb5 Kf7 41. Kc6 Ke6 42. Kc7 Bc1 43. Kc6 Be3 44.
Kb5 Kd6 { White resigns } 0-1

[Event "ICC tourney 2514 (60 10)"]
[Site "Internet Chess Club"]
[Date "2021.04.17"]
[Round "1"]
[White "PRASAD, AMIT:CobaltGame"]
[Black "BABENKO, ARIEL:ArielB"]
[Result "0-1"]
[ICCResult "White checkmated"]
[WhiteElo "1358"]
[BlackElo "1112"]
[Opening "Queen's gambit declined"]
[ECO "D30"]
[NIC "QO.04"]
[Time "10:01:34"]
[PlyCount "138"]
[TimeControl "3600+10"]

1. d4 d5 2. c4 e6 3. Nf3 Nf6 4. Bf4 Be7 5. e3 O-O 6. Nc3 a6 7. c5 b6 8.
cxb6 cxb6 9. Bd3 Bb7 10. O-O Nbd7 11. Rc1 Rc8 12. Qe2 b5 13. Ne5 Ne4 14.
Nxe4 dxe4 15. Bc2 Nf6 16. Bb3 Nd5 17. Bxd5 Bxd5 18. Qd2 f6 19. Rxc8 Qxc8
20. Rc1 Bb4 21. Rxc8 Bxd2 22. Rxf8+ Kxf8 23. Nd7+ Ke7 24. Nc5 a5 25. b3 Bb4
26. Kf1 e5 27. Bg3 Bxc5 28. dxc5 Kd7 29. Ke2 Kc6 30. f4 exf3+ 31. gxf3 Kxc5
32. e4 Be6 33. h4 Kd6 34. Kd3 h6 35. f4 g5 36. hxg5 hxg5 37. f5 Bf7 38. Bf2
Kc6 39. Kc3 Bh5 40. a3 Bf3 41. Kd3 b4 42. axb4 axb4 43. Bg3 Kb5 44. Bf2 Kc6
45. Bg3 Kd6 46. Be1 Kc5 47. Bf2+ Kb5 48. Be3 Bd1 49. Ba7 Bxb3 50. Bb8 Bc4+
51. Ke3 b3 52. Kd2 g4 53. Ba7 g3 54. Kc3 g2 55. Bg1 Ka4 56. Kb2 Kb4 57. Bf2
Bd3 58. Be1+ Kc4 59. Bf2 Bxe4 60. Be1 Bxf5 61. Bf2 Bc2 62. Bg1 f5 63. Bh2
f4 64. Bg1 e4 65. Bf2 e3 66. Bxe3 fxe3 67. Ka3 g1=Q 68. Kb2 Qb1+ 69. Ka3
Qa2# { White checkmated } 0-1

[Event "ICC tourney 2514 (60 10)"]
[Site "Internet Chess Club"]
[Date "2021.04.17"]
[Round "2"]
[White "Tsuboyama, Kai:kgtkgt2010"]
[Black "ANANDKUMAR, HAITUKA:Haituka"]
[Result "1/2-1/2"]
[ICCResult "Game drawn by repetition"]
[WhiteElo "1298"]
[BlackElo "1034"]
[Opening "Sicilian: Smith-Morra gambit"]
[ECO "B21"]
[NIC "SI.48"]
[Time "13:16:20"]
[PlyCount "51"]
[TimeControl "3600+10"]

1. e4 c5 2. d4 cxd4 3. c3 d3 4. Bxd3 Nc6 5. Nf3 e5 6. Nbd2 h6 7. Nc4 d6 8.
Be3 Be7 9. O-O Nf6 10. Qd2 Bg4 11. Be2 Nxe4 12. Qd3 Nf6 13. h3 e4 14. Qd2
exf3 15. hxg4 fxe2 16. Qxe2 h5 17. Bg5 hxg4 18. Bxf6 gxf6 19. Qxg4 Qc7 20.
Rfe1 d5 21. Ne3 Qh2+ 22. Kf1 Qe5 23. Kg1 Qh2+ 24. Kf1 Qe5 25. Kg1 Qh2+ 26.
Kf1 { Game drawn by repetition } 1/2-1/2

[Event "ICC tourney 2514 (60 10)"]
[Site "Internet Chess Club"]
[Date "2021.04.17"]
[Round "2"]
[White "BELOBROVKA, ARIELLE:ariellezbel"]
[Black "Jaichand, Rishab:rjaichand"]
[Result "0-1"]
[ICCResult "White checkmated"]
[WhiteElo "1338"]
[BlackElo "1188"]
[Opening "Giuoco Piano"]
[ECO "C54"]
[NIC "IG.02"]
[Time "13:16:30"]
[PlyCount "30"]
[TimeControl "3600+10"]

1. e4 e5 2. Nf3 Nc6 3. Bc4 Bc5 4. c3 Nf6 5. d3 h6 6. O-O d6 7. h3 Be6 8.
Bb3 Qd7 9. Nbd2 g5 10. Bxe6 Qxe6 11. Re1 g4 12. hxg4 Qxg4 13. Nf1 Rg8 14.
Ng3 Qxg3 15. Kf1 Qxf2# { White checkmated } 0-1

[Event "ICC tourney 2514 (60 10)"]
[Site "Internet Chess Club"]
[Date "2021.04.17"]
[Round "2"]
[White "AMBATI, JASWANT REDDY:AJRChess2011"]
[Black "OSMOND, AVA ROSE:avaosmond"]
[Result "1-0"]
[ICCResult "Black checkmated"]
[WhiteElo "1470"]
[BlackElo "1277"]
[Opening "Ruy Lopez: Berlin defense, Beverwijk variation"]
[ECO "C65"]
[NIC "RL.07"]
[Time "13:16:37"]
[PlyCount "67"]
[TimeControl "3600+10"]

1. e4 e5 2. Nf3 Nc6 3. Bb5 Nf6 4. O-O Bc5 5. Nc3 d6 6. d3 Bg4 7. h3 Bh5 8.
Bg5 h6 9. Bxf6 Qxf6 10. Nd5 Qd8 11. b4 Bd4 12. c3 Bb6 13. Qa4 Qd7 14. Nh4
a6 15. Bc4 O-O 16. Nf5 Rad8 17. Nxh6+ gxh6 18. Nf6+ Kg7 19. Nxd7 Rxd7 20.
Bd5 Nb8 21. Bxb7 Be2 22. Rfe1 Bxd3 23. Rad1 Bb5 24. Qb3 c6 25. a4 Bxa4 26.
Qxa4 Rxb7 27. Rxd6 Re8 28. Qb3 Ree7 29. Qd1 c5 30. Qg4+ Kf8 31. Rxh6 f5 32.
Rh8+ Kf7 33. Qg8+ Kf6 34. Rh6# { Black checkmated } 1-0